 Dungeon Crawl Stone Soup version 0.13.1-17-g0f9d4ff (webtiles) character file.

9257 Psiweapon the Protected (level 11, -4/68 HPs)
             Began as a Gargoyle Fighter on Dec 17, 2013.
             Was a Believer of Ashenzari.
             Killed from afar by Fannar (27 damage)
             ... with a bolt of cold
             ... on Level 11 of the Dungeon.
             The game lasted 01:08:15 (8166 turns).

Psiweapon the Protected (Gargoyle Fighter)          Turns: 8166, Time: 01:08:15

HP  -4/68        AC 23     Str 23      XL: 11   Next: 37%
MP  13/13        EV  6     Int  9      God: Ashenzari [**....]
Gold 423         SH 36     Dex  8 (9)  Spells:  0 memorised, 10 levels left

Res.Fire  : . . .   See Invis. : .   X - +1 flail (drain)
Res.Cold  : . . .   Warding    : .   F - +2 scale mail {MR+}
Life Prot.: + . .   Conserve   : .   C - +0 large shield (curse)
Res.Poison: +       Res.Corr.  : .   y - +2 helmet (curse)
Res.Elec. : +       Clarity    : .   I - +0 cloak
Sust.Abil.: . .     Spirit.Shd : .   (no gloves)
Res.Mut.  : .       Stasis     : .   (no boots)
Res.Rott. : +       Flight     : .   t - cursed amulet of rage
Saprovore : . . .                    e - ring of protection from magic
                                     J - cursed ring of regeneration

@: liquid flames, glowing, very resistant to hostile enchantments, extremely
unstealthy
A: fangs 1, talons 2, life protection 1, electricity resistance, slow metabolism
1, unbreathing, petrification resistance, AC +7
a: Renounce Religion, Evoke Berserk Rage


You were on level 11 of the Dungeon.
You worshipped Ashenzari.
Ashenzari was pleased with you.
You were not hungry.

You visited 2 branches of the dungeon, and saw 12 of its levels.
You also visited: Labyrinth.

You collected 485 gold pieces.
You spent 82 gold pieces at shops.

Inventory:

Hand weapons
 u - a +0,+1 spear of returning (quivered)
 x - a +1,+2 orcish vampiric hand axe
 G - a +0,-3 flail
 U - a +1,+1 orcish morningstar of holy wrath
 X - a +1,+1 flail of draining (weapon)
Armour
 y - a cursed +2 helmet (worn)
 C - a cursed +0 large shield (worn)
 F - a +2 scale mail of magic resistance (worn)
 I - a +0 cloak (worn)
 M - a +1 dwarven plate armour
 R - a +2 pair of elven bracers of archery
Magical devices
 a - a wand of confusion (12)
 l - a wand of enslavement (11)
 v - a wand of frost (15)
 z - a wand of frost (9)
 Q - a wand of magic darts (4)
 W - a wand of fireball (2)
Comestibles
 d - 8 bread rations
 f - an apple
 n - 7 meat rations
 Y - a choko
Jewellery
 c - an uncursed amulet of stasis
 e - a ring of protection from magic (right hand)
 o - an uncursed ring of teleport control
 s - an uncursed ring of sustenance
 t - a cursed amulet of rage (around neck)
 B - an uncursed ring of protection from magic
 J - a cursed ring of regeneration (left hand)
 S - an uncursed ring of protection from fire
Potions
 b - a potion of brilliance {unknown}
 i - 5 potions of heal wounds
 k - a potion of restore abilities
 q - 4 potions of curing
 E - a potion of agility
 Z - 2 potions of flight
Magical staves
 O - an uncursed staff of energy
Miscellaneous
 N - a bottled efreet
Rods
 A - a +3 rod of warding (13/13)
   (You found it in a labyrinth)


   Skills:
 + Level 9.9 Fighting
 - Level 4.3 Axes
 + Level 9.3 Maces & Flails
 + Level 10.1 Armour
 - Level 9.7(11.1) Shields
 + Level 2.0(3.1) Evocations


You had 10 spell levels left.
You didn't know any spells.

Dungeon Overview and Level Annotations

Branches:
Dungeon (11/27)            Temple (1/1) D:5             Orc (0/4) D:7
   Lair: D:8-13

Altars:
Ashenzari
Cheibriados
Elyvilon
Fedhas
Kikubaaqudgha
Makhleb
Nemelex Xobeh
Okawaru
Sif Muna
Trog
Vehumet
Xom
Yredelemnul
Zin
the Shining One

Shops:
D:9 *   D:10 /

Annotations:
D:11 Fannar


Innate Abilities, Weirdness & Mutations

You are resistant to torment.
You are immune to poison.
Your stone body is very resilient (AC +7).
You have very sharp teeth.
You have razor-sharp toenails.
You resist negative energy.
You are resistant to electric shocks.
You have a slow metabolism.
You can survive without breathing.
You are immune to petrification.


Message History

The sticky flame hits you!
You are covered in liquid flames!
Fannar hits you but does no damage. You block the adder's attack.
You hit the mottled dragon but do no damage.
The mottled dragon is heavily wounded.
You are covered in liquid flames!
You block the mottled dragon's attack. The mottled dragon closely misses you.
You block the adder's attack. You block Fannar's attack.
Unknown command.
You hit the mottled dragon but do no damage.
You drain the mottled dragon! Your kick misses the mottled dragon.
The mottled dragon is severely wounded.
You are covered in liquid flames!
You block the mottled dragon's attack.
The mottled dragon claws you but does no damage.
You block the adder's attack. Fannar casts a spell at you.
The bolt of cold hits you!
One of your 6 potions of heal wounds freezes and shatters!
You die...

* , ....... * ,, ,, ,
,,.............
................*
.................# , ,
..................# *
..................# * . ,
, ..................# .
.......D...........# #. *
,.....z.e@..........# #.
.......S...........#####.
*
........................
..................#####.
, ,,................).#
#. .................# #.
................# #. , ,
,, .............(.# ## ,
, ...........(######


You could see Fannar, a mottled dragon, an adder and a worker ant zombie.

Vanquished Creatures
  A minotaur (Lab)
  Harold (D:11)
  The ghost of teukkam the Covert, an experienced SpEn of Okawaru (D:10)
  An unseen horror (D:10)
  A hill giant (D:10)
  Maurice (D:10)
  A troll (D:10)
  Joseph (D:11)
  Psyche (D:9)
  2 hill giant zombies (D:10)
  Eustachio (D:8)
  3 hippogriffs
  3 hungry ghosts
  2 vampire mosquitoes (D:9)
  Edmund (D:9)
  2 sky beasts
  2 orc warriors
  A yellow wasp (D:8)
  A phantom (D:5)
  2 centaurs
  5 giant frogs
  2 water moccasins
  Blork the orc (D:9)
  3 ogres
  4 ice beasts
  A yak skeleton (D:10)
  A troll skeleton (D:10)
  5 wights (D:11)
  A quasit (D:9)
  7 crimson imps
  4 orc wizards
  A soldier ant zombie (D:11)
  A centaur skeleton (D:7)
  3 jellies
  An orc priest (D:7)
  7 hounds
  A scorpion (D:5)
  6 worker ants
  4 iguanas
  A worm zombie (D:7)
  3 green rats (D:8)
  A goliath beetle (D:10)
  8 adders
  6 worms
  An adder skeleton (D:4)
  A grey rat (D:8)
  5 giant eyeballs
  4 giant geckos
  34 orcs
  18 bats
  A bat skeleton (D:4)
  4 giant cockroaches
  16 hobgoblins
  9 jackals
  8 kobolds
  5 quokkas
  5 ball pythons
  4 giant newts
  2 giant spores
  A gnoll skeleton (D:8)
  14 goblins
  13 rats
  A rat skeleton (D:8)
  7 ballistomycetes
259 creatures vanquished.

Notes
Turn   | Place    | Note
--------------------------------------------------------------
     0 | D:1      | Psiweapon, the Gargoyle Fighter, began the quest for the Orb.
     0 | D:1      | Reached XP level 1. HP: 14/14 MP: 0/0
   234 | D:1      | Reached XP level 2. HP: 17/19 MP: 1/1
   741 | D:1      | Reached XP level 3. HP: 24/24 MP: 2/2
  1058 | D:2      | Reached skill level 4 in Armour
  1350 | D:2      | Reached XP level 4. HP: 25/28 MP: 3/3
  1448 | D:2      | Found a deep blue altar of Sif Muna.
  2044 | D:3      | Reached XP level 5. HP: 33/33 MP: 4/4
  2966 | D:4      | Reached XP level 6. HP: 34/39 MP: 5/5
  3216 | D:5      | Entered Level 5 of the Dungeon
  3295 | D:5      | Found an iron altar of Okawaru.
  3329 | D:5      | Reached skill level 5 in Armour
  3379 | D:5      | Reached skill level 5 in Shields
  3463 | D:5      | Found a staircase to the Ecumenical Temple.
  3478 | D:5      | Reached XP level 7. HP: 41/44 MP: 6/6
  3527 | Temple   | Entered the Ecumenical Temple
  3690 | D:5      | Reached skill level 5 in Fighting
  3706 | D:5      | Found a radiant altar of Vehumet.
  3949 | D:6      | Found a shattered altar of Ashenzari.
  3956 | D:6      | Reached skill level 5 in Maces & Flails
  3998 | D:6      | Became a worshipper of Ashenzari the Shackled
  4037 | D:6      | Paralysed by a giant eyeball for 4 turns
  4053 | D:6      | Paralysed by a giant eyeball for 2 turns
  4348 | D:6      | Noticed a hippogriff
  4355 | D:6      | Killed a hippogriff
  4355 | D:6      | Reached skill level 1 in Axes
  4443 | D:6      | Reached XP level 8. HP: 34/49 MP: 7/7
  4485 | D:6      | Reached skill level 6 in Shields
  4945 | D:7      | Found a staircase to the Orcish Mines.
  5433 | D:8      | Reached skill level 7 in Armour
  5433 | D:8      | Reached XP level 9. HP: 52/55 MP: 8/8
  5622 | D:8      | Paralysed by a giant eyeball for 2 turns
  5630 | D:8      | Paralysed by a giant eyeball for 4 turns
  5710 | D:8      | Noticed Eustachio
  5751 | D:8      | Killed Eustachio
  6197 | D:9      | Noticed Blork the orc
  6216 | D:9      | Killed Blork the orc
  6216 | D:9      | Reached skill level 8 in Shields
  6416 | D:9      | Reached XP level 10. HP: 62/62 MP: 9/9
  6420 | D:9      | Noticed Edmund
  6426 | D:9      | Killed Edmund
  6488 | D:9      | Found Yrupt's General Store.
  6492 | D:9      | Paralysed by a giant eyeball for 3 turns
  6499 | D:9      | Bought a scroll of blinking for 82 gold pieces
  6536 | D:9      | Noticed Psyche
  6545 | D:9      | Killed Psyche
  6749 | D:10     | Entered Level 10 of the Dungeon
  6783 | D:10     | Found Weriraz's Magical Wand Boutique.
  6902 | D:10     | Noticed a hill giant
  6912 | D:10     | Killed a hill giant
  6912 | D:10     | Reached skill level 9 in Armour
  6973 | D:10     | Killed an unseen horror
  7184 | D:10     | Noticed teukkam's ghost (experienced SpEn)
  7245 | D:10     | Killed teukkam's ghost
  7398 | D:10     | Noticed Maurice
  7423 | D:10     | Reached XP level 11. HP: 68/68 MP: 10/10
  7490 | D:10     | Killed Maurice
  7802 | D:11     | Acquired Ashenzari's first power
  7849 | D:11     | Found a labyrinth entrance.
  7858 | Lab      | Entered a labyrinth
  7937 | Lab      | Noticed a minotaur
  7948 | Lab      | Killed a minotaur
  7948 | Lab      | Reached skill level 1 in Evocations
  7954 | Lab      | Identified Urphu Hiu's Compendium of Flamy Dark Magic
  8033 | D:11     | Noticed Harold
  8045 | D:11     | Killed Harold
  8045 | D:11     | Reached skill level 10 in Armour
  8113 | D:11     | Noticed Joseph
  8132 | D:11     | Killed Joseph
  8148 | D:11     | Noticed Fannar
  8166 | D:11     | Killed from afar by Fannar

Action                   |  1- 3 |  4- 6 |  7- 9 | 10-12 || total
-------------------------+-------+-------+-------+-------++-------
Melee: Mace              |    99 |    78 |       |       ||   177
       Flail             |       |    92 |    90 |    71 ||   253
       Hand axe          |       |       |    99 |       ||    99
       Morningstar       |       |       |   204 |   206 ||   410
Throw: Spear             |       |       |     2 |     2 ||     4
Evoke: Wand              |       |     4 |    19 |     8 ||    31
  Use: Scroll            |       |       |    12 |     4 ||    16
       Potion            |       |       |     2 |     2 ||     4
